Map: Emerald City CE

Players

KOVAKO

  • Race: Terran Terran
  • Spawn Location: 5:00

David

  • Race: Terran Terran
  • Spawn Location: 5:00

Cossack - Winner!

  • Race: Zerg Zerg
  • Spawn Location: 11:00

Computer - Winner!

  • Race: Protoss Protoss
  • Spawn Location: 11:00

VOD

Have the link to the VOD?

Description

Time

  • Played on: April 10, 2025, 1:07 p.m.
  • Length: 5:54
Show
View Real Time Build Order
Export as new Build Order

KOVAKO Terran 

Build Orders:  

Get SALT Encoding   

  12  0:11  SCV  
  13  0:31  Engineering Bay  
  13  0:36  Refinery  
  13  0:51  Refinery  
  13  1:06  Supply Depot  
  13  1:24  SCV  
  14  1:36  SCV  
  14  1:37  Supply Depot  
  15  1:53  SCV  
  16  1:56  Terran Infantry Weapons Level 1  
  16  2:01  Supply Depot  
  16  2:05  SCV  
  17  2:24  Supply Depot  
  17  2:51  Barracks  
  17  3:18  SCV  
  18  3:30  SCV  
  19  3:43  SCV  
  20  3:50  Terran Infantry Armor Level 1  
  20  3:55  SCV  
  21  4:06  Barracks Reactor  
  21  4:07  SCV  
  21  4:09  Supply Depot  
  22  4:38  SCV  
  23  4:44  Supply Depot  
  23  4:50  SCV  
  24  5:02  SCV  
  25  5:37  SCV  
Show
View Real Time Build Order
Export as new Build Order

David Terran 

Build Orders:  

Get SALT Encoding   

  12  0:01  SCV  
  13  0:16  Supply Depot  
  13  0:38  Refinery  
  13  0:42  Barracks  
  13  0:52  Refinery  
  13  1:17  SCV  
  14  1:29  SCV  
  14  1:31  Barracks Reactor  
  15  1:34  Barracks  
  15  1:46  SCV  
  16  1:58  SCV  
  17  2:10  Orbital Command  
  17  2:12  Marine x2  
  19  2:29  Marine  
  19  2:30  Marine  
  21  2:37  Engineering Bay, Barracks Reactor  
  21  2:47  Marine  
  21  2:48  Marine  
  23  3:11  Command Center  
  23  3:13  Supply Depot  
  23  3:34  SCV, Marine x2  
  23  3:36  Supply Depot  
  23  3:40  Terran Infantry Weapons Level 1  
  26  3:47  SCV  
  27  3:58  Marine  
  27  3:59  SCV, Marine x3  
  32  4:11  SCV  
  32  4:16  Marine  
  34  4:17  Marine x3  
  34  4:23  SCV  
  38  4:34  Marine x2  
  38  4:35  Supply Depot, Marine x2  
  42  4:38  SCV x2  
  44  4:50  SCV x2  
  44  4:52  Marine x4  
  47  4:56  Refinery  
  47  4:58  Supply Depot  
  50  5:03  SCV  
  51  5:10  Marine x4  
  55  5:23  Refinery  
  55  5:24  Barracks  
  55  5:26  Barracks  
  55  5:40  SCV  
  56  5:48  Bunker  
Show
View Real Time Build Order
Export as new Build Order

Cossack Zerg - Winner!

Build Orders: Pool First 

Get SALT Encoding   

  12  0:11  Overlord  
  12  0:13  Drone  
  13  0:17  Drone  
  14  0:39  Drone x2  
  16  0:46  Spawning Pool  
  15  0:57  Drone x2  
  17  1:00  Hatchery  
  16  1:05  Extractor  
  16  1:09  Extractor  
  14  1:22  Drone x2  
  16  1:35  Queen  
  16  1:37  Drone  
  19  1:52  Metabolic Boost  
  19  1:58  Drone x2  
  19  2:00  Evolution Chamber  
  20  2:09  Drone  
  21  2:16  Lair  
  21  2:20  Drone  
  22  2:26  Queen  
  22  2:28  Drone x2  
  26  2:32  Zerg Melee Weapons Level 1  
  26  2:40  Drone x2, Evolution Chamber  
  27  2:50  Drone  
  28  2:52  Overlord x2  
  28  3:09  Extractor  
  28  3:11  Extractor  
  28  3:12  Drone x3  
  29  3:29  Nydus Network  
  29  3:30  Zergling x8  
  29  3:31  Zergling x4  
  34  3:36  Zergling x6  
  34  3:37  Zergling x4  
  39  3:47  Zergling x2  
  40  3:55  Overlord  
  40  3:58  Zerg Ground Armor Level 1  
  40  4:01  Zergling x6  
  43  4:05  Zergling x2  
  43  4:06  Overlord  
  44  4:19  Zergling x2  
  44  4:20  Zergling x2  
  46  4:30  Zergling x2  
  46  4:31  Zergling x4  
  49  4:43  Zergling x4  
  51  4:52  Zergling x6  
  54  4:57  Zergling x4  
  54  4:58  Zergling x2  
  57  5:00  Zergling x2  
  57  5:01  Zergling x4  
  60  5:09  Overlord x2  
  60  5:15  Nydus Canal  
  60  5:26  Hydralisk Den  
Show
View Real Time Build Order
Export as new Build Order

Computer Protoss - Winner!

Build Orders:  

Get SALT Encoding   

  12  0:26  Probe  
  13  0:34  Assimilator  
  13  0:36  Assimilator  
  13  0:39  Probe  
  14  0:51  Probe  
  15  1:17  Pylon  
  15  1:35  Probe  
  16  1:47  Probe  
  17  1:59  Probe  
  18  2:11  Probe  
  19  2:23  Probe  
Tags
 
Add a new tag
Caveats
  • Supply blocks, unpowered buildings, or Contaminate may cause inaccurate times.
  • Supply counts are checked every 10 seconds.